 Dungeon Crawl Stone Soup version 0.18-a0-884-gb6cfd45 (webtiles) character file.

1302 Duffy the Summoner (level 8, -1/69 HPs)
             Began as a Tengu Summoner on Dec 22, 2015.
             Was a Priest of Sif Muna.
             Slain by a centaur (4 damage)
             ... on level 7 of the Dungeon.
             The game lasted 00:13:25 (10052 turns).

Duffy the Summoner (Tengu Summoner)                Turns: 10052, Time: 00:13:26

Health: -1/69      AC: 24    Str:  8    XL:     8   Next: 57%
Magic:  14/18      EV:  2    Int: 17    God:    Sif Muna [***...]
Gold:   301        SH:  0    Dex: 16    Spells: 4 memorised, 9 levels left

rFire  . . .     SeeInvis .     h - +5 short sword
rCold  . . .     Gourm    .     (armour currently unavailable)
rNeg   + + +     Faith    +     (no shield)
rPois  +         Spirit   .     (helmet currently unavailable)
rElec  .         Dismiss  .     (cloak currently unavailable)
rCorr  .         Reflect  .     (gloves currently unavailable)
SustAt .         Harm     .     (boots unavailable)
MR     .....     NoTele   +     l - amulet of faith
Stlth  +++.......               (no ring)
                                q - ring of wizardry

@: tree-form, not resistant to hostile enchantments, fairly stealthy
A: (beak), (talons 0), able to fly 1
a: Fly, Channel Energy, Forget Spell, Renounce Religion


You were on level 7 of the Dungeon.
You worshipped Sif Muna.
Sif Muna was most pleased with you.
You were not hungry.
You were a tree.
You visited 1 branch of the dungeon, and saw 7 of its levels.

You collected 301 gold pieces.


Innate Abilities, Weirdness & Mutations

((You have a beak for a mouth.))
((You have claws for feet.))
You can fly.


   Skills:
 - Level 3.2 Fighting
 - Level 2.1 Dodging
 - Level 2.0 Stealth
 + Level 6.1 Spellcasting
 + Level 8.8 Summonings
 - Level 2.8 Ice Magic


You had 9 spell levels left.
You knew the following spells:

 Your Spells              Type           Power        Failure   Level  Hunger
a - Summon Small Mammal   Summ           ####         1%          1    None
i - Call Imp              Summ           #####...     1%          2    None
l - Summon Ice Beast      Ice/Summ       ####....     6%          4    ####...
n - Call Canine Familiar  Summ           #####...     1%          3    ##.....

Inventory:

Hand Weapons
 h - a +5 short sword (weapon)
 v - a +4 quarterstaff of chaos
 F - a +0 blowgun
Missiles
 e - 144 stones (quivered)
 m - 32 poisoned needles
 x - 2 tomahawks
Armour
 a - a +0 robe (melded)
 w - a +0 cloak (melded)
Jewellery
 l - an amulet of faith (around neck)
 o - an uncursed ring of ice
 q - a ring of wizardry (left branch)
 B - a +4 amulet of reflection {unknown}
 G - an uncursed ring of wizardry
Scrolls
 j - 3 scrolls of enchant weapon
 k - 2 scrolls of noise {unknown}
 n - a scroll of identify
 p - 4 scrolls of remove curse
 r - 2 scrolls of magic mapping
 y - 3 scrolls of amnesia {unknown}
 A - 2 scrolls of teleportation
 H - a scroll of enchant armour {unknown}
 J - 2 scrolls of immolation {unknown}
 K - a scroll of fear {unknown}
 M - a scroll of fog {unknown}
 N - a scroll of vulnerability {unknown}
 O - a scroll of blinking {unknown}
Potions
 d - 6 potions of curing
 f - a potion of haste
 i - a potion of cure mutation
 u - 2 potions of might
 z - 2 potions of ambrosia
 D - a potion of resistance {unknown}
 E - a potion of flight {unknown}
 I - a potion of magic {unknown}
Books
 b - a book of Callings
 C - a book of Geomancy
 L - a book of Dreams
Comestibles
 c - 6 bread rations
 g - 6 meat rations
 s - 2 beef jerkies
 P - a chunk of flesh

Dungeon Overview and Level Annotations

Branches:
Dungeon (7/15)             Temple (0/1) D:6

Altars:
Cheibriados
Dithmenos
Elyvilon
Fedhas
Kikubaaqudgha
Makhleb
Nemelex Xobeh
Ru
Sif Muna
Trog
The Shining One

Shops:
D:6 *

Annotations:
D:4 Scytalen's ghost, amateur DsCK


Message History

Eating one of 2 chunks of flesh.
This raw flesh tastes terrible.
You continue eating. x2
Your ice beast disappears in a puff of smoke!
You open the door.
There is an open door here.
You open the door.
There is an open door here.
A centaur comes into view.
The centaur shouts!
The centaur wields a shortbow.
The centaur shoots an arrow.
The arrow barely misses you.
Found an escape hatch in the floor.
The centaur shoots an arrow.
The arrow hits you!!
You see here an arrow.
The centaur shoots an arrow.
The arrow hits you!
The centaur shoots an arrow.
The arrow closely misses you.
You see here an arrow.
The centaur unwields an uncursed shortbow.
The centaur hits you! x2
Cast which spell? (? or * to list)
A chill wind blows around you. The centaur closely misses you.
Drink which item? (? for menu, Esc to quit)
You turn into a tree.
Your +0 cloak melds into your body.
Your +0 robe melds into your body.
Your roots penetrate the ground.
The centaur hits you.
The centaur hits you but does no damage.
You hit the centaur.
The centaur is moderately wounded.
The centaur hits you.
Your ice beast barely misses the centaur.
You hit the centaur but do no damage.
The centaur is moderately wounded.
The centaur hits you but does no damage.
The centaur hits you.
You die...

.........+ #.....#
.........# #.....+
.........# #.....#
.........#+###.....#
######'#...(.......#
.......+.....(.....#
.......#######(....#
#+##...# #.....#
#...# #..7c.# #+###
#..Y>.# #.....#
#.....# #.....#
#.....# \.....#
##.....#


You could see a centaur and a friendly ice beast.

Action                   |  1- 3 |  4- 6 |  7- 9 || total
-------------------------+-------+-------+-------++-------
Melee: Short sword       |    67 |   111 |    94 ||   272
Throw: Stone             |       |     1 |       ||     1
 Cast: Summon Small Mamm |    28 |     5 |       ||    33
       Call Imp          |     3 |    10 |     4 ||    17
       Call Canine Famil |     1 |    14 |     9 ||    24
       Summon Ice Beast  |       |    11 |    46 ||    57
Invok: Channel Energy    |       |       |     4 ||     4
  Use: Scroll            |       |     7 |     3 ||    10
       Potion            |       |       |     1 ||     1
 Stab: Sleeping          |     3 |     3 |     1 ||     7
       Distracted        |       |     1 |     1 ||     2
  Eat: Chunk             |     4 |    16 |    19 ||    39
       Fruit             |       |       |     5 ||     5

Notes
Turn   | Place    | Note
--------------------------------------------------------------
     0 | D:1      | Duffy the Tengu Summoner began the quest for the Orb.
     0 | D:1      | Reached XP level 1. HP: 10/10 MP: 4/4
   104 | D:1      | Reached skill level 5 in Summonings
   234 | D:1      | Reached XP level 2. HP: 15/15 MP: 1/6
   253 | D:1      | Learned a level 2 spell: Call Imp
   516 | D:1      | Reached skill level 1 in Fighting
   810 | D:1      | Reached XP level 3. HP: 13/20 MP: 7/7
  1206 | D:1      | Reached skill level 2 in Fighting
  1744 | D:2      | Learned a level 3 spell: Call Canine Familiar
  1831 | D:2      | Found an ancient bone altar of Kikubaaqudgha.
  2094 | D:2      | Found a burning altar of Makhleb.
  2182 | D:2      | Noticed Crazy Yiuf
  2204 | D:2      | Killed Crazy Yiuf
  2204 | D:2      | Reached skill level 3 in Fighting
  2204 | D:2      | Reached XP level 4. HP: 26/28 MP: 0/8
  2338 | D:2      | Found a deep blue altar of Sif Muna.
  2341 | D:2      | Became a worshipper of Sif Muna the Loreminder
  2547 | D:3      | Found a white marble altar of Elyvilon.
  2734 | D:3      | Found a sparkling altar of Nemelex Xobeh.
  3173 | D:3      | Gained mutation: You can fly. [Tengu growth]
  3173 | D:3      | Reached XP level 5. HP: 26/32 MP: 8/10
  3252 | D:3      | Found a blossoming altar of Fedhas.
  3277 | D:3      | Reached skill level 3 in Spellcasting
  3341 | D:3      | Learned a level 4 spell: Summon Ice Beast
  4013 | D:4      | Reached skill level 1 in Ice Magic
  4107 | D:4      | Found a shadowy altar of Dithmenos.
  4188 | D:4      | Noticed Scytalen's ghost (amateur DsCK)
  4258 | D:4      | Reached skill level 6 in Summonings
  4505 | D:4      | Reached * piety under Sif Muna
  4509 | D:4      | Reached XP level 6. HP: 37/37 MP: 1/11
  4607 | D:4      | Found a sacrificial altar of Ru.
  4634 | D:4      | Reached skill level 2 in Ice Magic
  5054 | D:4      | Found a glowing golden altar of the Shining One.
  5236 | D:4      | Found a bloodstained altar of Trog.
  5726 | D:5      | Entered Level 5 of the Dungeon
  5752 | D:5      | Reached XP level 7. HP: 39/41 MP: 13/13
  5851 | D:5      | Noticed Kolbur's ghost (weakling KoMo)
  5860 | D:5      | Killed Kolbur's ghost
  5977 | D:5      | Noticed Prince Ribbit
  6002 | D:5      | Killed Prince Ribbit
  6002 | D:5      | Reached ** piety under Sif Muna
  6002 | D:5      | Reached skill level 7 in Summonings
  6150 | D:5      | Reached skill level 4 in Spellcasting
  6656 | D:5      | Found a snail-covered altar of Cheibriados.
  7803 | D:6      | Reached skill level 8 in Summonings
  7803 | D:6      | Reached XP level 8. HP: 34/46 MP: 6/16
  7905 | D:6      | Found Ciwetorgh's General Store.
  7995 | D:6      | Reached *** piety under Sif Muna
  8133 | D:6      | Reached skill level 5 in Spellcasting
  9474 | D:6      | Noticed Grinder
  9496 | D:6      | Killed Grinder
  9496 | D:6      | Reached skill level 6 in Spellcasting
  9508 | D:6      | Found a staircase to the Ecumenical Temple.
 10052 | D:7      | Slain by a centaur

Vault maps used:
D:1:      dpeg_arrival_triangle_fractal
D:2:      kiku_gazebo_garden_becter, lemuel_blue_sif_altar,
          lightli_temple_of_fire, uniq_crazy_yiuf_cottage
D:3:      overflow_temple_1_default, overflow_temple_1_default,
          nemelex_xobeh_ov_fountains_minmay, kennysheep_cross_room
D:4:      minmay_opposing_rooms, lemuel_round_altar, bloody_trog,
          kennysheep_mini_moat, nicolae_overflow_crystal_walls, first_bread
D:5:      nicolae_overflow_hidden_temple, uniq_prince_ribbit1
D:6:      lemuel_temple_firewalk_marked, serial_shops,
          nicolae_shop_temple_entry_statues_fountains, uniq_grinder
D:7:      lemuel_doored_altar, kennysheep_mini, serial_shops,
          nicolae_shop_behind_doors, shop, shop_statue,
          chequers_ossuary_entry_cave

Vanquished Creatures
  Prince Ribbit Grinder
  2 ogres
  A phantom
  An ice beast
  A centaur
  2 giant frogs
  3 scorpions
  The ghost of Kolbur the Insei, a weakling KoMo
  3 hounds Crazy Yiuf
  A centaur skeleton
  A crimson imp
  7 orc wizards
  A giant frog skeleton
  2 orc priests
  An iguana
  9 worker ants
  6 gnolls
  8 adders
  3 shadow imps
  3 worms
  28 orcs
  A ball python
  7 bats
  7 giant cockroaches
  11 goblins
  7 hobgoblins
  A quokka
  3 giant geckos
  5 giant newts
  17 jackals
  7 kobolds
  A quokka skeleton
  11 rats
165 creatures vanquished.
